 Dungeon Crawl Stone Soup version 0.23-a0-473-gc8aadda (webtiles) character file.

2925 Amnesiac the Geomancer (level 9, 34/34 HPs)
             Began as a Felid Earth Elementalist on Nov 27, 2018.
             Was a Priest of Vehumet.
             Quit the game on level 9 of the Dungeon.
             The game lasted 00:20:37 (9312 turns).

Amnesiac the Geomancer (Felid Earth Elementalist)   Turns: 9312, Time: 00:20:37

Health: 34/34      AC:  2    Str:  4    XL:     9   Next: 50%
Magic:  21/21      EV: 24    Int: 20    God:    Vehumet [***...]
Gold:   492        SH:  0    Dex: 17    Spells: 5/23 levels left
                                        Lives:  1   Deaths: 1

rFire    + . .     SeeInvis +     - Unarmed
rCold    . . .     Gourm    .   (shield unavailable)
rNeg     + . .     Faith    +   (armour unavailable)
rPois    .         Spirit   .   (helmet unavailable)
rElec    .         Reflect  .   (cloak unavailable)
rCorr    .         Harm     .   (gloves unavailable)
MR       +....                  (boots unavailable)
Stlth    +++.......             e - amulet of faith
HPRegen  0.11/turn              w - ring of positive energy
MPRegen  0.17/turn              y - ring of protection from fire

@: quick
A: very small, no armour, no weapons or thrown items, stealth, claws 1, fangs 3,
see invisible, carnivore, speed 1, shaggy fur 2, slow metabolism 1, sharp paws
a: Renounce Religion


You were on level 9 of the Dungeon.
You worshipped Vehumet.
Vehumet was most pleased with you.
You were not hungry.

You visited 2 branches of the dungeon, and saw 10 of its levels.

You collected 548 gold pieces.
You spent 56 gold pieces at shops.

Inventory:

Missiles
 t - 83 stones
Jewellery
 e - an amulet of faith (around neck)
 i - an uncursed amulet of regeneration
 w - a ring of positive energy (left paw)
 x - an uncursed amulet of the gourmand {unknown}
 y - a ring of protection from fire (right paw)
Wands
 g - a wand of digging (6)
 m - a wand of scattershot (2)
 B - a wand of polymorph (10)
Scrolls
 a - 6 scrolls of teleportation {!r}
 d - 2 scrolls of remove curse {!r}
 f - a scroll of magic mapping {!r}
 l - a scroll of amnesia {!r}
 u - 6 scrolls of fog {!r}
Potions
 b - a potion of agility {!q}
 h - a potion of mutation {!q}
 k - 3 potions of curing {!q, unknown}
 n - 3 potions of cancellation {!q, unknown}
 o - 3 potions of resistance {!q}
 p - a potion of haste {!q}
 q - 2 potions of brilliance {!q}
 r - a potion of heal wounds {!q}
 v - 2 potions of might {!q}
 z - a potion of flight {!q}
Comestibles
 c - 16 rations
 j - 6 chunks of flesh


   Skills:
 + Level 9.0 Dodging
 - Level 3.0 Stealth
 - Level 1.0 Unarmed Combat
 + Level 7.8 Spellcasting
 - Level 1.1 Transmutations
 * Level 11.0 Earth Magic


You had 5 spell levels left.
You knew the following spells:

 Your Spells              Type           Power        Failure   Level  Hunger
a - Sandblast             Erth           ######       1%          1    None
b - Passwall              Tmut/Erth      ####....     1%          2    None
c - Stone Arrow           Conj/Erth      ####..       1%          3    None
d - Lee's Rapid Deconstr  Erth           ######....   1%          5    #####..
e - Petrify               Tmut/Erth      ####....     7%          4    ###....
r - Regeneration          Chrm/Necr      #.........   26%         3    None

Your spell library contained the following spells:

 Spells                   Type           Power        Failure   Level  Hunger
 Iskenderun's Mystic Bla  Conj           #.......     22%         4    ###....
 Shock                    Conj/Air       #...         2%          1    None
 Sting                    Conj/Pois      #...         2%          1    None
 Static Discharge         Conj/Air       #.......     7%          3    None
 Animate Skeleton         Necr           N/A          9%          1    None
 Pain                     Necr           #...         9%          1    None
 Swiftness                Chrm/Air       #.......     13%         2    None
 Airstrike                Air            #.........   22%         4    ###....
 Vampiric Draining        Necr           #.........   26%         3    None
 Lightning Bolt           Conj/Air       #.........   50%         5    #####..
 Animate Dead             Necr           N/A          65%         4    ###....


Dungeon Overview and Level Annotations

Branches:
Dungeon (9/15)             Temple (1/1) D:7            Lair (0/6) D:9
    Orc: D:9-12

Altars:
Cheibriados
Elyvilon
Gozag
Hepliaklqana
Kikubaaqudgha
Makhleb
Nemelex Xobeh
Okawaru
Ru
Sif Muna
Vehumet
Zin
The Shining One

Shops:
D:4 *%[?   D:7 (   D:9 !

Annotations:
D:5 Pikel
D:8 Gastronok


Innate Abilities, Weirdness & Mutations

You cannot wear armour.
You are incapable of wielding weapons or throwing items.
Your paws allow you to move quietly. (Stealth)
You have sharp claws.
You have razor-sharp teeth.
You have supernaturally acute eyesight. (SInv)
You are carnivorous and can eat meat at any time.
You cover ground quickly.
You are covered in thick fur. (AC +2)
You have a slow metabolism.
Your sharp claws are effective at attacking unaware monsters.


Message History

The death yak is severely wounded.
t - 89 stones The death yak completely misses you.
Casting: Sandblast (safe; 1% risk of failure)
Confirm with . or Enter, or press ? or * to list all spells.
Aiming: Sandblast (safe; 1% risk of failure)
Press: ? - help, Shift-Dir - straight line, f/p - death yak
Aim: a death yak (severely wounded)
The blast of sand hits the death yak.
The death yak is severely wounded.
t - 88 stones The death yak gores you but does no damage.
Casting: Sandblast (safe; 1% risk of failure)
Confirm with . or Enter, or press ? or * to list all spells.
Aiming: Sandblast (safe; 1% risk of failure)
Press: ? - help, Shift-Dir - straight line, f/p - death yak
Aim: a death yak (severely wounded)
The blast of sand hits the death yak.
The death yak is severely wounded.
t - 87 stones The death yak completely misses you.
Casting: Sandblast (safe; 1% risk of failure)
Confirm with . or Enter, or press ? or * to list all spells.
Aiming: Sandblast (safe; 1% risk of failure)
Press: ? - help, Shift-Dir - straight line, f/p - death yak
Aim: a death yak (severely wounded)
The blast of sand hits the death yak.
The death yak is almost dead.
t - 86 stones The death yak barely misses you.
Casting: Sandblast (safe; 1% risk of failure)
Confirm with . or Enter, or press ? or * to list all spells.
Aiming: Sandblast (safe; 1% risk of failure)
Press: ? - help, Shift-Dir - straight line, f/p - death yak
Aim: a death yak (almost dead)
The blast of sand hits the death yak.
The death yak is almost dead.
t - 85 stones The death yak closely misses you.
Casting: Sandblast (safe; 1% risk of failure)
Confirm with . or Enter, or press ? or * to list all spells.
Aiming: Sandblast (safe; 1% risk of failure)
Press: ? - help, Shift-Dir - straight line, f/p - death yak
Aim: a death yak (almost dead)
The blast of sand hits the death yak.
The death yak is almost dead.
t - 84 stones The death yak gores you!
Casting: Sandblast (safe; 1% risk of failure)
Confirm with . or Enter, or press ? or * to list all spells.
Aiming: Sandblast (safe; 1% risk of failure)
Press: ? - help, Shift-Dir - straight line, f/p - death yak
Aim: a death yak (almost dead)
The blast of sand hits the death yak.
The death yak is almost dead.
t - 83 stones The death yak gores you!!
Ouch! That really hurt!
You die...
You are now level 9!
You rejoin the land of the living...
Unknown command.
Unknown command.
Are you sure you want to abandon this character and quit the game? (Confirm

.)# #.#.#.# ####.##...#...#
##. ..###...#.#
#.............# .
...####.#.###......#...#.## .
.#.# #.#÷..#..#.........#
.#Y# #...#...÷#.........#
.#.####.#.#..............#
..........#.##[.....#....###
##.####.###.##...............
#.####.###.##..@..>.....####
#..........##..............
######.##..[[.....##....###
#.###.##..[..#.....#
#.###.##...........#
#.....##...........#
#........#.........#
##.#####.....)..... #.#
############


There were no monsters in sight!

Vanquished Creatures
  2 death yaks (D:9)
  Joseph (D:8)
  A hippogriff (D:7)
  3 yaks (D:9)
  2 hungry ghosts
  Menkaure (D:6)
  An orc warrior (D:7)
  A sky beast (D:6)
  A black bear (D:8)
  A phantom (D:7)
  5 ogres
  6 centaurs
  A bullfrog (D:9)
  2 scorpions
  3 killer bees (D:7)
  9 wights
  4 howler monkeys
  6 crimson imps
  A bullfrog zombie (D:6)
  2 hounds
  A quasit (D:8)
  A jelly (D:4)
  A centaur skeleton (D:5)
  2 orc priests
  Crazy Yiuf (D:6)
  3 bullfrog skeletons
  4 iguanas
  3 orc wizards
  A hell rat (D:9)
  5 worker ants
  A killer bee zombie (D:7)
  A hound zombie (D:7)
  A worker ant zombie (D:7)
  10 gnolls
  8 adders
  2 oozes
  A worm (D:2)
  4 dart slugs
  3 leopard geckos
  14 orcs
  8 giant cockroaches
  5 goblins
  5 hobgoblins
  7 jackals (D:4)
  5 quokkas
  A ball python (D:4)
  6 bats
  6 frilled lizards
  A jackal zombie (D:8)
  5 kobolds
  5 rats
174 creatures vanquished.

Vanquished Creatures (others)
  A fungus (D:6)
1 creature vanquished.

Grand Total: 175 creatures vanquished

Notes
Turn   | Place    | Note
-------+----------+-------------------------------------------
     0 | D:1      | Amnesiac the Felid Earth Elementalist began the quest for
                  | the Orb.
     0 | D:1      | Reached XP level 1. HP: 7/7 MP: 4/4
    74 | D:2      | Reached skill level 3 in Earth Magic
    74 | D:2      | Reached XP level 2. HP: 11/11 MP: 3/6
   135 | D:2      | Found a snail-covered altar of Cheibriados.
   351 | D:4      | Found Jemifriq's Antique Armour Shoppe.
   480 | D:4      | Reached XP level 3. HP: 9/14 MP: 1/8
   527 | D:4      | Learned a level 2 spell: Passwall
   658 | D:4      | Found Jempym's Assorted Antiques.
   666 | D:4      | Bought a scroll labeled QUNGUPN TEAMUC for 28 gold pieces
   666 | D:4      | Bought a scroll labeled FUFIP YRUNUK for 28 gold pieces
   715 | D:4      | Reached skill level 4 in Earth Magic
   715 | D:4      | Reached XP level 4. HP: 18/18 MP: 5/9
  1034 | D:4      | Reached XP level 5. HP: 21/21 MP: 2/10
  1145 | D:4      | Reached skill level 5 in Earth Magic
  1267 | D:4      | Found Besy's Food Emporium.
  1275 | D:4      | Gained mutation: You are covered in thick fur. (AC +2)
                  | [Felid growth]
  1275 | D:4      | Reached XP level 6. HP: 24/24 MP: 8/12
  1282 | D:4      | Learned a level 5 spell: Lee's Rapid Deconstruction
  1287 | D:4      | Learned a level 4 spell: Petrify
  1348 | D:4      | Found Zeutz's Magic Scroll Emporium.
  1968 | D:5      | Entered Level 5 of the Dungeon
  2099 | D:5      | Reached skill level 6 in Earth Magic
  2103 | D:5      | Found a glowing silver altar of Zin.
  2279 | D:5      | Found a white marble altar of Elyvilon.
  2375 | D:5      | Noticed a hungry ghost
  2380 | D:5      | Reached XP level 7. HP: 18/27 MP: 7/14
  2409 | D:5      | Noticed Pikel
  2836 | D:6      | Learned a level 3 spell: Stone Arrow
  2911 | D:6      | Found a deep blue altar of Sif Muna.
  3031 | D:6      | Reached skill level 7 in Earth Magic
  3098 | D:6      | Identified Sif Muna's Collected Works on Arcane Weapons
  3190 | D:6      | Found a runed door.
  3288 | D:6      | Reached skill level 1 in Unarmed Combat
  3358 | D:6      | Reached skill level 5 in Spellcasting
  3421 | D:6      | Reached XP level 8. HP: 31/31 MP: 4/16
  3522 | D:6      | Noticed Menkaure
  3527 | D:6      | Killed Menkaure
  3695 | D:6      | Noticed Crazy Yiuf
  3711 | D:6      | Killed Crazy Yiuf
  3808 | D:7      | Found Tyilum's Weapon Shop.
  4161 | D:7      | Reached skill level 8 in Earth Magic
  4271 | D:7      | Found a staircase to the Ecumenical Temple.
  4284 | Temple   | Entered the Ecumenical Temple
  4292 | Temple   | Became a worshipper of Vehumet
  4460 | D:7      | Reached skill level 5 in Dodging
  5263 | D:1      | Reached * piety under Vehumet
  5263 | D:1      | Offered knowledge of Flame Tongue by Vehumet.
  5642 | D:2      | Found an opulent altar of Gozag.
  5699 | D:2      | Learned a level 3 spell: Regeneration
  6324 | D:3      | Found a sacrificial altar of Ru.
  6399 | D:3      | Reached ** piety under Vehumet
  6711 | D:7      | Offered knowledge of Throw Flame by Vehumet.
  6711 | D:7      | Reached XP level 9. HP: 34/34 MP: 12/19
  7094 | D:7      | Reached skill level 9 in Earth Magic
  7100 | D:7      | Found a sparkling altar of Nemelex Xobeh.
  8053 | D:8      | Noticed Joseph
  8326 | D:8      | Killed Joseph
  8422 | D:8      | Offered knowledge of Searing Ray by Vehumet.
  8432 | D:8      | Reached skill level 10 in Earth Magic
  8591 | D:8      | Reached *** piety under Vehumet
  8680 | D:8      | Noticed Gastronok
  8999 | D:9      | Noticed a death yak
  9005 | D:9      | Reached XP level 10. HP: 37/37 MP: 15/21
  9031 | D:9      | Noticed a death yak
  9056 | D:9      | Killed a death yak
  9077 | D:9      | Found a staircase to the Lair.
  9225 | D:9      | Found Bizoplup's Distillery.
  9286 | D:9      | Noticed a death yak
  9301 | D:9      | Killed a death yak
  9301 | D:9      | Offered knowledge of Iskenderun's Mystic Blast by Vehumet.
  9301 | D:9      | Reached skill level 11 in Earth Magic
  9311 | D:9      | Slain by a death yak
  9312 | D:9      | Reached XP level 9. HP: 0/34 MP: 1/21
  9312 | D:9      | Quit the game

Vault maps used:
D:1:      dpeg_arrival_radiant
D:2:      lemuel_coloured_pillars_altar, first_ration, grunt_gozag_breadcrumbs
D:3:      nicolae_ru_the_path_less_chosen
D:4:      serial_shops, shop, shop, shop, nicolae_shop_trees
D:5:      kennysheep_little_box, elyvilon_altar_3, uniq_pikel
D:6:      led_sif_book, uniq_crazy_yiuf_cottage, uniq_menkaure
D:7:      minmay_temple_entry_nine_rooms, serial_shops, nicolae_shop_waterfront,
          nemelex_dance_club_becter
D:8:      the_bakery, uniq_joseph, uniq_gastronok
D:9:      dpeg_lair_monsters, serial_shops, shop_coins, kennysheep_mini_moat,
          nicolae_shop_crystal, uniq_maurice
Temple:   regret_index_temple_mists

Skill      XL: |  1  2  3  4  5  6  7  8  9 10 |
---------------+-------------------------------+-----
Earth Magic    | 3 4 5 6 7 8 10 11 | 11.0
Spellcasting   | 3 4 5 6 7 |  7.8
Stealth        | 3 |  3.0
Unarmed Combat | 1 |  1.0
Dodging        | 3 5 7 9 |  9.0
Transmutations | |  1.1

Action                   |  1- 3 |  4- 6 |  7- 9 | 10-12 || total
-------------------------+-------+-------+-------+-------++-------
Melee: Unarmed           |    23 |     5 |   153 |     1 ||   182
       Bite              |     5 |       |    24 |       ||    29
       Punch             |       |       |     2 |       ||     2
 Cast: Sandblast         |    15 |    66 |    60 |    37 ||   178
       Passwall          |       |     1 |     9 |     1 ||    11
       Stone Arrow       |       |       |   103 |       ||   103
       Lee's Rapid Decon |       |       |    10 |     6 ||    16
       Petrify           |       |       |     3 |       ||     3
Evoke: Wand              |       |       |     3 |       ||     3
  Use: Scroll            |       |       |    16 |     1 ||    17
 Stab: Sleeping          |     3 |     3 |    12 |     1 ||    19
       Petrified         |       |       |    22 |       ||    22
       Petrifying        |       |       |     1 |       ||     1
  Eat: Chunk             |     7 |     3 |    21 |     1 ||    32
Armor: Skin              |     4 |     1 |    12 |     1 ||    18
Dodge: Dodged            |    26 |    26 |   172 |    11 ||   235

Table legend:
 A = Non-vault XP
 B = Vault XP
 C = Vault XP percentage of total XP
 D = Non-vault monster count
 E = Vault monster count
 F = Vault count percentage of total count
                 A         B        C        D         E       F
            +---------+---------+-------+---------+---------+-------
      Total |    5662 |    2621 |  31.6 |     163 |      11 |   6.3
            +---------+---------+-------+---------+---------+-------
        D:1 |      28 |       0 |   0.0 |      16 |       0 |   0.0
        D:2 |     116 |       0 |   0.0 |      26 |       0 |   0.0
        D:3 |     135 |       0 |   0.0 |      16 |       0 |   0.0
        D:4 |     535 |       0 |   0.0 |      30 |       0 |   0.0
        D:5 |     433 |       0 |   0.0 |       8 |       0 |   0.0
        D:6 |     633 |     287 |  31.2 |      15 |       4 |  21.1
        D:7 |    1607 |     128 |   7.4 |      23 |       2 |   8.0
        D:8 |    1016 |     423 |  29.4 |      16 |       1 |   5.9
        D:9 |    1156 |    1783 |  60.7 |      12 |       4 |  25.0
     Temple |       3 |       0 |   0.0 |       1 |       0 |   0.0
            +---------+---------+-------+---------+---------+-------
